 Dungeon Crawl Stone Soup version 0.31-a0-984-gbfb7dba898 (webtiles) character file.

Game seed: 2163166864279406452

55615 Engwar the Severer (level 14, -48/140 HPs)
             Began as a Hill Orc Fighter on Nov 3, 2023.
             Was the Champion of Makhleb.
             Annihilated by a titanic slime creature (55 damage)
             ... on level 12 of the Dungeon.
             The game lasted 00:41:58 (18586 turns).

Engwar the Severer (Hill Orc Fighter)              Turns: 18586, Time: 00:41:59

Health: -48/140    AC: 27    Str: 24    XL:     14   Next: 78%
Magic:  24/24      EV: 14    Int:  5    God:    Makhleb [******]
Gold:   1916       SH:  0    Dex: 10    Spells: 13/13 levels left

rFire   . . .        F - +1 battleaxe (flame)
rCold   . . .        (shield currently unavailable)
rNeg    . . .        e - +0 shadow dragon scales
rPois   +            K - +0 hat "Utesuk" {Rampage rElec Int-3 Stlth+}
rElec   +            r - +2 cloak {Will+}
rCorr   .            x - +2 pair of gloves
SInv    .            a - +2 pair of boots
Will    ++...        v - amulet of the acrobat
Stlth   +++          w - +5 ring of evasion
HPRegen 0.43/turn    u - ring of poison resistance
MPRegen 0.19/turn

%: acrobat, rampage
@: hasted, very quick
A: no striking features
a: Renounce Religion, Minor Destruction, Lesser Servant of Makhleb, Major
Destruction, Greater Servant of Makhleb


You were on level 12 of the Dungeon.
You worshipped Makhleb.
Makhleb was exalted by your worship.
You visited 2 branches of the dungeon, and saw 17 of its levels.
You also visited: Ossuary.

You collected 2156 gold pieces.
You spent 240 gold pieces at shops.

Inventory:

Hand Weapons
 F - a +1 battleaxe of flaming (weapon)
Missiles
 p - a throwing net
Armour
 a - a +2 pair of boots (worn)
 e - +0 shadow dragon scales (worn)
 r - a +2 cloak of willpower (worn)
 x - a +2 pair of gloves (worn)
 K - the +0 hat "Utesuk" (worn) {Rampage rElec Int-3 Stlth+}
   (You found it on level 4 of the Lair of Beasts)

   Int-3:     It affects your intelligence (-3).
   rElec:     It insulates you from electricity.
   Rampage:   It bestows one free step when moving towards enemies.
   Stlth+:    It makes you more stealthy.
Jewellery
 i - a ring of protection from cold
 u - a ring of poison resistance (right hand)
 v - an amulet of the acrobat (around neck)
 w - a +5 ring of evasion (left hand)
 C - a ring of protection from fire
Wands
 g - a wand of flame (8)
 h - a wand of paralysis (11)
 j - a wand of polymorph (12)
 m - a wand of mindburst (1)
 o - a wand of digging (16)
 D - a wand of quicksilver (9)
Scrolls
 b - a scroll of fog
 c - 2 scrolls of identify
 k - 8 scrolls of teleportation
 s - a scroll of immolation
 y - 3 scrolls of amnesia
 z - 5 scrolls of vulnerability
 B - 3 scrolls of revelation
 G - 5 scrolls of poison
Potions
 d - 3 potions of might
 f - 3 potions of mutation
 l - 4 potions of magic
 n - 6 potions of enlightenment
 q - 4 potions of curing
 t - 2 potions of attraction
 A - a potion of ambrosia
 E - 2 potions of brilliance
 H - 2 potions of haste
 I - a potion of cancellation


   Skills:
 + Level 17.3 Fighting
 + Level 18.5 Axes
 - Level 12.0 Armour
 + Level 0.5 Dodging
 - Level 6.0 Shields
 + Level 13.8 Invocations


You had 13 spell levels left.
You didn't know any spells.
Your spell library contained the following spells:

 Spells                   Type           Power      Damage    Failure   Level
 Foxfire                  Conj/Fire      0%         2x1d4     95%         1
 Sublimation of Blood     Necr           0%         N/A       98%         2
 Wereblood                Tmut           0%         N/A       98%         2
 Plasma Beam              Fire/Air       0%         2x1d10    100%        6
 Starburst                Conj/Fire      0%         6d3       100%        6
 Summon Hydra             Summ           0%         N/A       100%        7


Dungeon Overview and Level Annotations

Branches:
Dungeon (12/15)            Temple (0/1) D:4            Lair (5/5) D:9
 Shoals (0/4) Lair:3       Spider (0/4) Lair:2        Slime (0/5) Lair:4
    Orc (0/2) D:12        Ossuary (visited)

Altars:
Ashenzari
Cheibriados
Dithmenos
Fedhas
Hepliaklqana
Kikubaaqudgha
Makhleb
Nemelex Xobeh
Qazlal
Ru
Trog
Uskayaw
Yredelemnul
Jiyva

Shops:
D:4 *   D:6 =

Portals:
Hell: Lair:5

Annotations:
Lair:4 6 runed translucent doors


Message History

You see here a scroll of noise.
c - 2 scrolls of identify (gained 1)
Found a wand of mindburst (12).
Two slime creatures merge to form a large slime creature.
You rampage towards the large slime creature!
You slice the large slime creature like a ripe choko!!!
You burn the large slime creature!
The large slime creature is heavily wounded.
You slash the large slime creature! You burn the large slime creature.
The large slime creature is heavily wounded.
Two slime creatures merge to form a very large slime creature.
You hit the very large slime creature. You burn the very large slime creature.
The very large slime creature is moderately wounded.
You slash the very large slime creature!
You burn the very large slime creature.
The very large slime creature is heavily wounded.
Two slime creatures merge to form an enormous slime creature.
You slice the enormous slime creature!! You burn the enormous slime creature!
The enormous slime creature is heavily wounded.
You barely miss the enormous slime creature.
The enormous slime creature is heavily wounded.
Two slime creatures merge to form a titanic slime creature.
You slice the titanic slime creature!! You burn the titanic slime creature!
The titanic slime creature is heavily wounded.
The titanic slime creature hits you!!!
You slice the titanic slime creature!! You burn the titanic slime creature!
The titanic slime creature is severely wounded.
The titanic slime creature hits you!!!
* * * LOW HITPOINT WARNING * * *
You are too injured to fight recklessly!
You are too injured to fight recklessly!
You are too injured to fight recklessly!
You are too injured to fight recklessly!
You are too injured to fight recklessly!
You are too injured to fight recklessly!
You are too injured to fight recklessly!
Okay, then.
Okay, then.
You feel yourself speed up. The titanic slime creature hits you!!!
You die...

# ##...##.##
##.##....[ #
#.....##.## ##.##
##.
###.........###.##
##..)........#..#
##.#...######..##
#.#..
##.....>.......#
#.#.# #.
##.##.#######..#
#.#.# #.
##.##.#######..#####
#.#.#
........../.....@JJ#
#.#.# #.##
##.##########..###.#
#.#.# #... ........#
#..# # # #.#.# ####
##.####.# #..#
#.####.#[#### ##.#
#.# #..#
#.J.J.......####
##.# #.#####..#
###########..... #.#
#........# ######
#............##
##############


You could see a titanic slime creature and a slime creature.

Vanquished Creatures
  Gastronok (D:10)
  A dire elephant (Lair:5)
  Josephine (D:9)
  4 hydras
  Harold (Lair:1)
  10 death yaks (Lair:2)
  2 two-headed ogres (D:12)
  Urug (D:11)
  A fire crab (Lair:3)
  A sun demon (Lair:5)
  3 skysharks
  An arcanist (Lair:5)
  A lindwurm (Lair:5)
  An oklob plant (Lair:5)
  2 wolf spiders (Lair:4)
  2 cyclopes (D:11)
  An ugly thing (D:12)
  5 elephants (Lair:4)
  Maurice (D:9)
  Joseph (D:7)
  2 black mambas (Lair:1)
  8 cane toads
  A smoke demon (Lair:5)
  2 gargoyles (D:12)
  An orange demon (Lair:5)
  2 torpor snails
  2 kobold demonologists
  2 unseen horrors
  10 komodo dragons
  Jeremiah (D:9)
  6 rime drakes
  2 ice devils (Lair:5)
  3 red devils (Lair:5)
  A troll (D:11)
  5 polar bears
  2 hornets (Lair:2)
  Grinder (D:3)
  19 blink frogs
  2 tarantellas (Lair:4)
  A jumping spider (Lair:4)
  4 slime creatures (D:12)
  5 wraiths
  2 shadows
  8 wyverns
  9 basilisks
  36 yaks
  9 vampire mosquitoes (D:12)
  4 redbacks
  2 steam dragons
  An acid dragon (D:12)
  18 water moccasins
  3 hell hounds (Lair:5)
  2 orc warriors
  A sky beast (D:8)
  An ice beast (D:6)
  An ogre (D:4)
  5 wolves (Lair:4)
  4 centaurs
  A phantom (D:6)
  2 kobold brigands (D:10)
  9 bullfrogs
  A scorpion (D:6)
  5 wights (D:6)
  8 killer bees
  An electric eel (Lair:3)
  6 howler monkeys
  An orc priest (D:9)
  7 hounds
  7 jellies
  Crazy Yiuf (D:3)
  9 orc wizards
  An iguana (D:6)
  A sleepcap (D:7)
  5 hell rats (Lair:2)
  3 mummies (Ossuary)
  8 gnolls
  5 adders
  3 white imps
  2 ufetubi (D:3)
  An adder zombie (Ossuary)
  3 dart slugs
  16 orcs
  9 ball pythons
  8 endoplasms
  A giant cockroach (D:1)
  5 goblins
  8 hobgoblins
  14 kobolds
  6 quokkas
  5 bats
  5 frilled lizards
  A gnoll zombie (Ossuary)
  3 goblin zombies (Ossuary)
  3 hobgoblin zombies (Ossuary)
  5 kobold zombies (Ossuary)
  3 quokka zombies (Ossuary)
  4 rats
  2 rat zombies (Ossuary)
  A butterfly (Lair:3)
418 creatures vanquished.

Vanquished Creatures (others)
  A human (D:10)
1 creature vanquished.

Grand Total: 419 creatures vanquished

Notes
Turn   | Place    | Note
-------+----------+-------------------------------------------
     0 | D:1      | Engwar the Hill Orc Fighter began the quest for the Orb.
     0 | D:1      | Reached XP level 1. HP: 19/19 MP: 1/1
    44 | D:1      | Reached skill level 3 in Axes
    44 | D:1      | Reached XP level 2. HP: 7/27 MP: 2/2
   182 | D:1      | Reached XP level 3. HP: 34/34 MP: 3/3
   482 | D:1      | Reached skill level 4 in Axes
   502 | D:1      | Found a faded altar of an unknown god.
   508 | D:1      | Prayed at the altar of an unknown god.
   508 | D:1      | Became a worshipper of Makhleb the Destroyer
   508 | D:1      | Reached * piety under Makhleb
   762 | D:2      | Found a burning altar of Makhleb.
   871 | D:2      | You fall into a shaft and drop 1 floor!
   990 | D:2      | Reached XP level 4. HP: 15/41 MP: 4/4
  1645 | D:3      | Noticed Grinder
  1654 | D:3      | Killed Grinder
  1655 | D:3      | Reached skill level 5 in Fighting
  1655 | D:3      | Reached skill level 5 in Axes
  1655 | D:3      | Reached XP level 5. HP: 50/50 MP: 4/7
  1655 | D:3      | Reached XP level 6. HP: 57/57 MP: 4/8
  1919 | D:3      | Reached ** piety under Makhleb
  2129 | D:3      | Found a hazy altar of Hepliaklqana.
  2415 | D:3      | Reached skill level 6 in Axes
  2473 | D:3      | Found a runed translucent door.
  2474 | D:3      | Noticed Crazy Yiuf
  2483 | D:3      | Killed Crazy Yiuf
  2753 | D:4      | Reached XP level 7. HP: 34/64 MP: 10/10
  3066 | D:4      | Found Zoxkosch's Lightly-Used Armoury.
  3148 | D:4      | Found a sparkling altar of Nemelex Xobeh.
  3319 | D:4      | Found a staircase to the Ecumenical Temple.
  3606 | D:4      | Reached skill level 7 in Axes
  3609 | D:4      | Reached *** piety under Makhleb
  3717 | D:5      | Entered Level 5 of the Dungeon
  3773 | D:5      | Found a bloodstained altar of Trog.
  3978 | D:5      | Found a hide-covered altar of Uskayaw.
  4023 | D:5      | Found a shadowy altar of Dithmenos.
  4136 | D:5      | Reached XP level 8. HP: 73/73 MP: 11/11
  4160 | D:5      | Reached skill level 5 in Armour
  4176 | D:5      | Found a sand-covered staircase.
  4180 | Ossuary  | Entered an ossuary
  4791 | D:5      | Found a snail-covered altar of Cheibriados.
  4917 | D:6      | Found Bishid's Jewellery Boutique.
  4926 | D:6      | Bought a ring of poison resistance for 240 gold pieces
  4996 | D:6      | Reached skill level 8 in Axes
  5197 | D:6      | Killed an unseen horror
  5198 | D:6      | Reached skill level 9 in Axes
  5198 | D:6      | Reached XP level 9. HP: 29/82 MP: 12/12
  5371 | D:6      | Reached **** piety under Makhleb
  5437 | D:6      | Reached skill level 10 in Axes
  5544 | D:6      | Found a sacrificial altar of Ru.
  6120 | D:7      | Identified a scroll of acquirement
  6120 | D:7      | Acquired 816 gold pieces
  6124 | D:7      | Noticed Joseph
  6159 | D:7      | Killed Joseph
  6607 | D:7      | Found a basalt altar of Yredelemnul.
  6614 | D:7      | Reached skill level 10 in Fighting
  6784 | D:8      | Identified the +0 leather armour of the Untouchables {rF+
                  | Dex+4}
  6807 | D:8      | Found a blossoming altar of Fedhas.
  6854 | D:8      | Identified the serpent talisman "Ximab" {rPois Str+3 Dex+2}
  6874 | D:8      | Reached skill level 5 in Invocations
  6885 | D:8      | Reached skill level 11 in Axes
  7141 | D:8      | Reached XP level 10. HP: 94/94 MP: 14/14
  7369 | D:9      | Noticed Jeremiah
  7374 | D:8      | Reached skill level 5 in Shields
  7777 | D:9      | Found a staircase to the Lair.
  7962 | D:9      | Reached skill level 12 in Axes
  7993 | D:9      | Found a burning altar of Makhleb.
  8216 | D:9      | Noticed Maurice
  8231 | D:9      | Killed Maurice
  8338 | D:9      | Found a broken altar of Ashenzari.
  8411 | D:10     | Entered Level 10 of the Dungeon
  8423 | D:9      | Killed Jeremiah
  8485 | D:10     | Noticed Josephine
  8521 | D:9      | Killed Josephine
  8522 | D:9      | Reached XP level 11. HP: 26/104 MP: 15/17
  8904 | D:10     | Noticed Gastronok
  8938 | D:10     | Killed Gastronok
  8939 | D:10     | Reached skill level 13 in Axes
  9210 | D:10     | Found an ancient bone altar of Kikubaaqudgha.
  9606 | D:11     | Noticed a cyclops
  9613 | D:11     | Killed a cyclops
 10098 | D:11     | Noticed a cyclops
 10108 | D:11     | Killed a cyclops
 10225 | D:11     | Found a stormy altar of Qazlal.
 10361 | D:11     | Noticed Urug
 10373 | D:11     | Killed Urug
 10385 | D:11     | Reached ***** piety under Makhleb
 10777 | Lair:1   | Entered Level 1 of the Lair of Beasts
 10777 | Lair:1   | Noticed Harold
 10788 | Lair:1   | Killed Harold
 10789 | Lair:1   | Reached skill level 14 in Axes
 10916 | Lair:1   | Reached XP level 12. HP: 77/115 MP: 18/18
 12031 | Lair:2   | Noticed a death yak
 12031 | Lair:2   | Noticed a death yak
 12031 | Lair:2   | Noticed a death yak
 12031 | Lair:2   | Noticed a death yak
 12031 | Lair:2   | Noticed a death yak
 12031 | Lair:2   | Noticed a death yak
 12031 | Lair:2   | Noticed a death yak
 12031 | Lair:2   | Noticed a death yak
 12040 | Lair:2   | Noticed a death yak
 12044 | Lair:2   | Noticed a death yak
 12048 | Lair:2   | Killed a death yak
 12049 | Lair:2   | Reached skill level 10 in Armour
 12054 | Lair:2   | Killed a death yak
 12055 | Lair:2   | Reached skill level 15 in Axes
 12058 | Lair:2   | Killed a death yak
 12067 | Lair:2   | Killed a death yak
 12068 | Lair:2   | Reached skill level 10 in Invocations
 12078 | Lair:2   | Killed a death yak
 12087 | Lair:2   | Killed a death yak
 12092 | Lair:2   | Killed a death yak
 12102 | Lair:2   | Killed a death yak
 12110 | Lair:2   | Killed a death yak
 12113 | Lair:2   | Killed a death yak
 12114 | Lair:2   | Reached XP level 13. HP: 31/125 MP: 19/21
 12212 | Lair:2   | Paralysed by a hornet for 3 turns
 12880 | Lair:2   | Found a hole to the Spider Nest.
 12912 | Lair:2   | Reached skill level 16 in Axes
 13155 | Lair:3   | Reached skill level 15 in Fighting
 13669 | Lair:3   | Found a staircase to the Shoals.
 14456 | Lair:4   | Found a viscous altar of Jiyva.
 14456 | Lair:4   | Found a staircase to the Slime Pits.
 14720 | Lair:4   | Found a runed translucent door.
 15039 | Lair:4   | Reached ****** piety under Makhleb
 15040 | Lair:4   | Reached skill level 17 in Axes
 15168 | Lair:4   | Identified the +0 hat "Utesuk" {Rampage rElec Int-3 Stlth+}
 15184 | Lair:4   | Found a runed translucent gate.
 15184 | Lair:4   | Found a runed translucent gate.
 15184 | Lair:4   | Found a runed translucent gate.
 15184 | Lair:4   | Found a runed translucent gate.
 15185 | Lair:4   | Found a runed translucent gate.
 15187 | Lair:4   | Found a runed translucent gate.
 15247 | Lair:5   | Entered Level 5 of the Lair of Beasts
 15276 | Lair:5   | Reached XP level 14. HP: 102/137 MP: 23/23
 16143 | Lair:5   | Identified the +7 long sword of Deformation {speed, Contam
                  | Will+ Int+5}
 16458 | Lair:5   | Noticed a dire elephant
 16477 | Lair:5   | Killed a dire elephant
 16717 | Lair:5   | Reached skill level 18 in Axes
 16769 | Lair:5   | Found a burning altar of Makhleb.
 17335 | Lair:5   | Found a gateway to Hell.
 17465 | Lair:5   | Found a sparkling altar of Nemelex Xobeh.
 18395 | D:12     | Found a staircase to the Orcish Mines.
 18585 | D:12     | HP: 6/140 [titanic slime creature (67)]
 18586 | D:12     | Annihilated by a titanic slime creature

Illustrated notes

Levels and vault maps discovered:
D:1:      dpeg_arrival_stonehenge_8_columns, layout_basic,
          dreamdust_ecumenical_altar_angels_and_demons
D:2:      layout_loops_cross, basic_altar
D:3:      layout_loops_ring, lemuel_crystal_altar, serial_glass,
          glass_columns_c, glass_columns_c, uniq_crazy_yiuf_cottage,
          uniq_grinder
D:4:      layout_basic, nemelex_altar_shiori, minmay_temple_entry_sparse_star,
          minmay_misc_feat_alley, chequers_serial_rivers_small_3,
          minmay_shop_damaged
D:5:      layout_loops_corners, mainiacjoe_overflow_boulevard,
          trog_three_pillars_becter, old_standard_altar, kennysheep_slug_shrine,
          enter_ossuary_5
D:6:      layout_loops_cross, mainiacjoe_overflow_cross_hatched,
          nicolae_stop_n_shop_1, minmay_increasing_density
D:7:      layout_basic, mainiacjoe_overflow_surrounded_room, serial_aquarium,
          aquarium_bridge_long_separate [aquarium_subvault_bridge,
          aquarium_subvault_bridge, aquarium_subvault_wall,
          aquarium_subvault_wall, aquarium_subvault_bridge,
          aquarium_subvault_bridge], aquarium_window_1, aquarium_window_2,
          aquarium_window_1, aquarium_window_double, aquarium_view_2d,
          uniq_joseph
D:8:      layout_loops_ring, mainiacjoe_overflow_24_doors
D:9:      layout_roguey, general_overflow_altar, ashenzari_altar_1,
          minmay_lair_entry_grove, uniq_jeremiah, uniq_maurice
D:10:     layout_irregular_city, tgw_kikubaaqudgha, chequers_jeans,
          nicolae_elevator_lobby_asterisk, uniq_josephine, uniq_gastronok
D:11:     layout_gridville, grunt_qazlal_sundering, uniq_urug
D:12:     layout_loops_ring, orc_0_dummy
Lair:1:   layout_chaotic_city, uniq_harold
Lair:2:   layout_chaotic_city, spider_nest_entry_webs
Lair:3:   layout_loops_ring, elwin_shoals_entry_rocks,
          nicolae_quartered_pool_impasse, grunt_megastairs_2,
          serial_bayou_shore_a, lemuel_fruit_tree, lemuel_fruit_fields,
          infiniplex_staircase_pool
Lair:4:   gammafunk_indiana_jones, layout_regular_city, slime_entry_1
Lair:5:   evil_forest, layout_gridlike, basic_altar, minivault_23,
          hangedman_lair_unloving_vines, kennysheep_basilisk_garden

Skill      XL: |  1  2  3  4  5  6  7  8  9 10 11 12 13 14 |
---------------+-------------------------------------------+-----
Fighting       | 4 5 6 7 8 10 11 13 14 16 17 | 17.3
Axes           | 3 4 5 6 7 9 11 12 14 15 17 18 | 18.5
Invocations    | 3 4 5 8 10 12 13 | 13.8
Armour         | 4 6 9 10 12 | 12.0
Shields        | 4 6 |  6.0
Dodging        | |  0.5

Action                     |  1- 3 |  4- 6 |  7- 9 | 10-12 | 13-15 || total
---------------------------+-------+-------+-------+-------+-------++-------
  Melee: War axe           |   112 |   117 |   326 |   176 |       ||   731
         Battleaxe         |       |       |       |   230 |   598 ||   828
 Invoke: Lesser Servant of |       |       |       |       |     1 ||     1
    Use: Scroll            |     6 |     2 |    13 |     6 |    10 ||    37
         Potion            |       |     3 |       |     4 |     7 ||    14
   Stab: Sleeping          |       |       |       |       |     2 ||     2
 Armour: Scale mail        |     8 |       |       |       |       ||     8
         Plate armour      |    78 |   119 |   248 |   288 |   546 ||  1279
         Skin              |       |     4 |       |       |       ||     4
         Shadow dragon sca |       |       |       |       |    76 ||    76
  Dodge: Dodged            |    28 |    35 |   105 |   329 |   392 ||   889
  Block: Buckler           |    24 |    26 |    58 |    38 |       ||   146

Table legend: (Time is in decaauts)
 A = Elapsed time spent in this place.
 B = Non-inter-level travel time spent in this place.
 C = Inter-level travel time spent in this place.
 D = Time resting spent in this place.
 E = Time spent auto-exploring this place.
 F = Levels seen in this place.
 G = Mean time per level.
                   A        B        C        D        E       F      G
               +--------+--------+--------+--------+--------+-----+--------+
         Total |  18658 |  17947 |    711 |   2529 |  12026 |  18 | 1036.6 |
       Dungeon |  11578 |  11098 |    480 |   1189 |   7811 |  12 |  964.8 |
          Lair |   6813 |   6583 |    230 |   1221 |   4152 |   5 | 1362.6 |
       Ossuary |    267 |    267 |      0 |    118 |     63 |   1 |  267.0 |
               +--------+--------+--------+--------+--------+-----+--------+

Top non-repeatable levels by time:
  Lair:5: 2305 daAuts
    D:11: 1260 daAuts
     D:3: 1256 daAuts
  Lair:2: 1228 daAuts
  Lair:4: 1182 daAuts
  Lair:1: 1145 daAuts
     D:9: 1104 daAuts
     D:6: 1098 daAuts
  Lair:3: 951 daAuts
     D:5: 950 daAuts
     D:8: 933 daAuts
     D:2: 906 daAuts
     D:4: 904 daAuts
    D:10: 866 daAuts
    D:12: 849 daAuts
